[Event "Tirnavia Reti Memorial-GM 2022"]
[Site "Trnava"]
[Date "2022.08.13"]
[Round "4.8"]
[White "Petran, Peter"]
[Black "Svana, Peter"]
[Result "1-0"]
[ECO "A08"]
[WhiteElo "2234"]
[BlackElo "2280"]
[Annotator "RC"]
[PlyCount "89"]
[EventDate "2022.08.10"]
[EventType "tourn"]
[EventCountry "SVK"]
[SourceTitle "playchess.com"]
[Source "ChessBase"]
[SourceQuality "1"]
[TimeControl "40/5400+30:1800+30"]

1. g3 d5 2. Nf3 Nf6 3. Bg2 g6 4. d3 Bg7 5. Nbd2 O-O 6. e4 c5 7. O-O Nc6 8. c3 e5 9. Re1 h6 10. Qb3 d4 11. cxd4 cxd4 12. Nc4 Qe7 13. Bd2 Be6 14. a4 Rfc8 15. Rec1 Nd7 16. Qa3 Qxa3 17. Rxa3 Bf8 18. Raa1 Nc5 19. Ra3 f6 20. Ne1 Nd7 21. Raa1 Nb4 22. Bf1 Na6 23. b3 Nac5 24. Rcb1 b6 25. f4 f5 26. exf5 gxf5 27. fxe5 Bxc4 28. bxc4 Nxe5 29. Bf4 Bg7 30. a5 Rab8 31. Rb5 Re8 32. Bh3 Rf8 33. axb6 axb6 34. Rab1 Rbe8 35. Rxb6 Ncxd3 36. Nxd3 Nxd3 37. Bd6 Rf6 38. c5 f4 39. Rb8 Rxb8 40. Rxb8+ Kf7 41. Bf1 Nxc5 42. Bxc5 fxg3 43. Rb7+ Ke6 44. hxg3 Rg6 45. Rb6+ 1-0

[Event "Tirnavia Reti Memorial-GM 2022"]
[Site "Trnava"]
[Date "2022.08.13"]
[Round "4.10"]
[White "Straka, Jozef"]
[Black "Lanc, Alois"]
[Result "1-0"]
[ECO "D46"]
[WhiteElo "2300"]
[BlackElo "2263"]
[Annotator "RC"]
[PlyCount "69"]
[EventDate "2022.08.10"]
[EventType "tourn"]
[EventCountry "SVK"]
[SourceTitle "playchess.com"]
[Source "ChessBase"]
[SourceQuality "1"]
[TimeControl "40/5400+30:1800+30"]

1. d4 Nf6 2. c4 c6 3. Nc3 d5 4. e3 e6 5. Nf3 Nbd7 6. Qc2 Bd6 7. Bd3 O-O 8. O-O dxc4 9. Bxc4 b5 10. Be2 a6 11. e4 e5 12. Bg5 Qe7 13. Rad1 Re8 14. a3 Bb7 15. dxe5 Bxe5 16. Nxe5 Nxe5 17. Kh1 Ng6 18. f4 h6 19. Bxf6 Qxf6 20. e5 Qe7 21. Bd3 Nh4 22. Be4 c5 23. Nd5 Bxd5 24. Rxd5 Rac8 25. f5 g6 26. fxg6 fxg6 27. Bxg6 Rf8 28. Rfd1 Qg5 29. Bh7+ Kh8 30. Be4 Rf4 31. g3 Rg4 32. gxh4 Qxh4 33. Bf5 Rcg8 34. Bxg4 Qxg4 35. Rf1 1-0

[Event "Tirnavia Reti Memorial-GM 2022"]
[Site "Trnava"]
[Date "2022.08.14"]
[Round "5.1"]
[White "Jablonicky, Martin"]
[Black "Malinovsky, Karel"]
[Result "1/2-1/2"]
[ECO "D37"]
[WhiteElo "2343"]
[BlackElo "2463"]
[Annotator "RC"]
[PlyCount "64"]
[EventDate "2022.08.10"]
[EventType "tourn"]
[EventCountry "SVK"]
[SourceTitle "playchess.com"]
[Source "ChessBase"]
[SourceQuality "1"]
[TimeControl "40/5400+30:1800+30"]

1. d4 d5 2. c4 e6 3. Nc3 Be7 4. Nf3 Nf6 5. Bf4 O-O 6. e3 b6 7. Be2 Bb7 8. O-O c5 9. cxd5 Nxd5 10. Nxd5 Qxd5 11. dxc5 Bxc5 12. a3 Nd7 13. b4 Be7 14. Rc1 Nf6 15. Qa4 a5 16. b5 Rac8 17. Bc7 Qa2 18. Qd1 Nd5 19. Bc4 Qxa3 20. Bxd5 Bxd5 21. Bxb6 Bb3 22. Qd2 Rxc1 23. Qxc1 Qxc1 24. Rxc1 a4 25. Nd4 Bd5 26. Nc6 Bxc6 27. bxc6 Rc8 28. Kf1 a3 29. Bc5 Kf8 30. Rc3 Bxc5 31. Rxc5 Ke7 32. Ra5 Rxc6 1/2-1/2

[Event "Tirnavia Reti Memorial-GM 2022"]
[Site "Trnava"]
[Date "2022.08.14"]
[Round "5.2"]
[White "Velicka, Petr"]
[Black "Sahidi, Samir"]
[Result "1/2-1/2"]
[ECO "B31"]
[WhiteElo "2384"]
[BlackElo "2462"]
[Annotator "TA"]
[PlyCount "150"]
[EventDate "2022.08.10"]
[EventType "tourn"]
[EventCountry "SVK"]
[SourceTitle "playchess.com"]
[Source "ChessBase"]
[SourceQuality "1"]
[TimeControl "40/5400+30:1800+30"]

1. e4 c5 2. Nf3 Nc6 3. Bb5 g6 4. O-O Bg7 5. Re1 e5 6. b4 Nxb4 7. Bb2 {[%emt 0:01:39] B31: Sicilian: 2...Nc6 3 Bb5 g6.} a6 8. a3 $1 Nc6 9. Bxc6 dxc6 10. Nxe5 Nf6 {[%emt 0:00:51][%cal Of6g4] [#]} 11. Nf3 $146 ({Predecessor:} 11. Qc1 O-O 12. d3 Re8 13. a4 Qc7 14. Nf3 Bg4 15. Nbd2 b6 16. Ra3 Re7 17. Qa1 {½-½ (40) Machycek,L (2401)-Kosic,B (2407) ICCF email 2015}) 11... c4 12. d4 (12. d3 {feels hotter.} O-O 13. h3 Re8 14. a4) 12... O-O 13. Ne5 Be6 14. Nd2 Nh5 $1 15. Ndxc4 f6 16. d5 $1 fxe5 17. dxe6 Qf6 18. Bxe5 {[%emt 0:03:50] Active counter play!} Qxf2+ 19. Kh1 Nf4 20. Bxf4 Qxf4 21. e7 Rfe8 22. Nb6 $1 Rab8 23. Nd7 {[%emt 0:06:57] [#] Strongly threatening e5.} Rbc8 24. e5 {[%emt 0:03:23] Black must now prevent Rf1.} Rxe7 25. Rb1 b5 26. Qd6 Rce8 27. Qxc6 Bxe5 28. Nxe5 (28. Rxe5 {is interesting.} Rxe5 29. Nxe5 Qxe5 30. h3) 28... Rxe5 29. Qxe8+ Rxe8 30. Rxe8+ $11 {[%emt 0:00:04][%mdl 4096] Endgame KQ-KRR} Kg7 (30... Kf7 $5 31. Ra8 Qd6 $11) 31. Re7+ Kh6 32. Ree1 Kg5 33. Rec1 Qc4 34. Ra1 Kf4 35. c3 Qa4 36. Re1 h5 37. Re6 (37. Reb1 $5 a5 38. Rb2 $11) 37... Kg5 38. Rc6 Kh6 39. Rd6 a5 40. Rdd1 Qb3 41. a4 bxa4 42. Rd2 Qxc3 43. Rda2 Qe5 44. Rxa4 Qd6 45. Rxa5 Qf4 46. R5a4 Qe5 47. h4 Qf6 48. R1a2 Qe5 49. Ra1 Qf6 50. Re1 {[%emt 0:00:41] Prevents Qe5.} Qd6 51. Rf1 Qe5 52. Raf4 Qe7 53. R1f2 Qd8 54. Kh2 Qd6 55. g3 Qe5 56. Rf7 Qd4 57. Re2 Qc4 58. Ree7 (58. Rfe7 $14) 58... Qc2+ (58... Qa2+ $1 $11 59. Kh3 Qe6+ 60. Kg2 Qa2+ 61. Rf2 (61. Kh3 Qe6+ 62. Kg2 Qa2+ 63. Rf2 Qd5+ 64. Kh2 Qb3 $16) 61... Qa3) 59. Kh3 $14 {[%emt 0:00:13][%csl Ge7][%cal Rf7h7] [#]} Qc8+ 60. Rd7 Qh8 {[%emt 0:00:22] Prevents Rh7+.} 61. Rc7 Qg8 62. Kh2 Qh8 63. Rb7 Qg8 64. Ra7 Qh8 65. Rfb7 Qg8 66. Kg1 Qh8 67. Rd7 {[%emt 0:00:19] Prevents Qd4+.} Qg8 68. Rf7 Qh8 69. Rae7 Qd4+ ({Black should try} 69... Qa1+ $14 70. Kh2 Qa2+ 71. Kh3 Qe6+ 72. Kg2 Qa2+ 73. Rf2 (73. Kh3 Qe6+ 74. Kg2 Qa2+ 75. Rf2 Qd5+ 76. Kh2 Qb3 $16) 73... Qd5+ 74. Kh2 Qb3) 70. Kg2 (70. Kh2 $16 Qh8 71. Rb7) 70... Qb2+ (70... Qd5+ $11 {remains equal.} 71. Kg1 Qd1+ 72. Kh2 Qc2+ 73. Kh3 Qc8+ 74. Rd7 Qh8) 71. Rf2 Qb8 72. Re6 Qb7+ 73. Kh2 Qc8 74. Rff6 (74. Rfe2 $14) 74... Qc2+ $11 75. Kh3 Qb1 {[%emt 0:00:08] Against Re1.  Weighted Error Value: White=0.05 (flawless) /Black=0.06 (flawless)} 1/2-1/2

[Event "Tirnavia Reti Memorial-GM 2022"]
[Site "Trnava"]
[Date "2022.08.14"]
[Round "5.3"]
[White "Czebe, Attila"]
[Black "Stevik, Patrik"]
[Result "1-0"]
[ECO "B04"]
[WhiteElo "2385"]
[BlackElo "2126"]
[Annotator "RC"]
[PlyCount "75"]
[EventDate "2022.08.10"]
[EventType "tourn"]
[EventCountry "SVK"]
[SourceTitle "playchess.com"]
[Source "ChessBase"]
[SourceQuality "1"]
[TimeControl "40/5400+30:1800+30"]

1. e4 g6 2. d4 Bg7 3. Nf3 d6 4. Bc4 Nf6 5. Qe2 O-O 6. e5 dxe5 7. dxe5 Nd5 8. h3 c6 9. O-O Qc7 10. Bb3 a5 11. a3 e6 12. c4 Ne7 13. Nc3 Nd7 14. Bg5 Nc5 15. Bc2 a4 16. Qd2 b6 17. Rad1 Ba6 18. Qf4 Nf5 19. g4 h6 20. gxf5 hxg5 21. Nxg5 exf5 22. Nxa4 Nxa4 23. Bxa4 Bxe5 24. Qh4 Kg7 25. Qh7+ Kf6 26. Qh6 Rh8 27. Nh7+ Rxh7 28. Qxh7 Bb7 29. Rfe1 b5 30. Bb3 c5 31. cxb5 Bf3 32. Bd5 Bh2+ 33. Kf1 Bxd5 34. Rxd5 Qf4 35. Kg2 Rf8 36. Rxc5 Kg5 37. h4+ Kg4 38. Rc4 1-0

[Event "Tirnavia Reti Memorial-GM 2022"]
[Site "Trnava"]
[Date "2022.08.14"]
[Round "5.4"]
[White "Farkas, Gabor"]
[Black "Finek, Vaclav"]
[Result "0-1"]
[ECO "D90"]
[WhiteElo "2335"]
[BlackElo "2393"]
[Annotator "RC"]
[PlyCount "74"]
[EventDate "2022.08.10"]
[EventType "tourn"]
[EventCountry "SVK"]
[SourceTitle "playchess.com"]
[Source "ChessBase"]
[SourceQuality "1"]
[TimeControl "40/5400+30:1800+30"]

1. c4 Nf6 2. Nc3 d5 3. cxd5 Nxd5 4. Nf3 g6 5. Qb3 Nb6 6. d4 Bg7 7. Bf4 O-O 8. Rd1 Bg4 9. e3 Bxf3 10. gxf3 N8d7 11. h4 Nf6 12. Be5 e6 13. Bd3 Qe7 14. Ke2 c5 15. dxc5 Qxc5 16. Bd4 Qe7 17. Qb5 Nbd7 18. f4 a6 19. Qg5 h6 20. Qa5 b5 21. Ne4 Rfc8 22. Nxf6+ Nxf6 23. Rc1 Rxc1 24. Rxc1 Nd5 25. Bxg7 Kxg7 26. h5 g5 27. fxg5 Qxg5 28. Be4 Qxh5+ 29. Bf3 Qe5 30. Rg1+ Kh8 31. Bxd5 Qxb2+ 32. Kd3 exd5 33. Qb6 Kh7 34. Qb7 Qa3+ 35. Ke2 Qb2+ 36. Kd3 Qxf2 37. Qxa8 Qxg1 0-1

[Event "Tirnavia Reti Memorial-GM 2022"]
[Site "Trnava"]
[Date "2022.08.14"]
[Round "5.5"]
[White "Pechac, Jergus"]
[Black "Pacher, Milan"]
[Result "1-0"]
[ECO "E92"]
[WhiteElo "2594"]
[BlackElo "2399"]
[Annotator "RC"]
[PlyCount "69"]
[EventDate "2022.08.10"]
[EventType "tourn"]
[EventCountry "SVK"]
[SourceTitle "playchess.com"]
[Source "ChessBase"]
[SourceQuality "1"]
[TimeControl "40/5400+30:1800+30"]

1. c4 Nf6 2. Nf3 g6 3. Nc3 Bg7 4. e4 d6 5. d4 O-O 6. Be2 e5 7. d5 a5 8. h3 Na6 9. Bg5 Qe8 10. g4 Nd7 11. Nd2 Nb6 12. a3 Bd7 13. Qc2 Nc5 14. Be3 Qe7 15. O-O-O c6 16. Kb1 a4 17. Ka2 Rfc8 18. h4 cxd5 19. exd5 f5 20. h5 Qf7 21. f3 Rc7 22. hxg6 hxg6 23. Rdg1 Rac8 24. Qd1 fxg4 25. fxg4 Be8 26. Qe1 e4 27. Qh4 Be5 28. Rf1 Qh7 29. Qf2 Qf7 30. Qg2 Qe7 31. g5 Bd7 32. Bxc5 Rxc5 33. Ncxe4 Bf5 34. Rxf5 gxf5 35. Nf6+ 1-0

[Event "Tirnavia Reti Memorial-GM 2022"]
[Site "Trnava"]
[Date "2022.08.15"]
[Round "6.1"]
[White "Malinovsky, Karel"]
[Black "Pacher, Milan"]
[Result "1/2-1/2"]
[ECO "A00"]
[WhiteElo "2463"]
[BlackElo "2399"]
[Annotator "TA"]
[PlyCount "119"]
[EventDate "2022.08.10"]
[EventType "tourn"]
[EventCountry "SVK"]
[SourceTitle "playchess.com"]
[Source "ChessBase"]
[SourceQuality "1"]
[TimeControl "40/5400+30:1800+30"]

1. e4 c6 2. Nc3 d5 3. Nf3 dxe4 4. Nxe4 Nf6 5. Qe2 Na6 6. d3 {B11: Caro-Kann: Two Knights Variation.} Nxe4 7. dxe4 e5 {[#] Against Bf4} 8. Bd2 $146 {White has an edge.} ({Predecessor:} 8. g3 Be7 9. Bg2 O-O 10. O-O Qc7 11. b3 Rd8 12. Bb2 Bg4 13. h3 Bxf3 14. Bxf3 {½-½ (25) Geltz,N (2156)-Bornholdt,J (2132) Willingen 2022}) 8... Qf6 9. O-O-O {aiming for Bg5.} Bg4 10. Bc3 Bb4 {[#]} (10... Nc5 $11 {remains equal.}) 11. Bxb4 $1 $16 Nxb4 12. a3 (12. Qd2 $5 Qe7 13. a3 $14) 12... Na6 ({Less strong is} 12... Bxf3 13. Qxf3 (13. gxf3 Na6 $11) 13... Qh6+ 14. Kb1 $16) 13. Qe3 {Against Nc5. Threatens to win with Bxa6.} Nc7 14. Be2 O-O 15. h3 Bxf3 16. Bxf3 Ne6 17. Bg4 g6 ({Black should play} 17... Qg5 $14) 18. Kb1 {White is more active.} ({White should try} 18. Rd7 $16) 18... b6 19. g3 (19. Rd6 $16) 19... Rfd8 20. Rde1 Rd4 21. c3 Rd6 22. Rd1 Rad8 23. Rxd6 Rxd6 24. h4 {Against Qg5} h5 25. Rd1 Nc5 26. Be2 a5 27. f3 a4 28. Kc2 Kg7 29. Rxd6 Qxd6 $11 {[%mdl 4096] Endgame KQB-KQN} 30. Bc4 f6 31. Qd2 Qxd2+ 32. Kxd2 {KB-KN} g5 33. Ke3 Kg6 34. Bf1 gxh4 35. gxh4 f5 36. exf5+ Kxf5 37. Bg2 Ke6 (37... Ne6 $11) 38. Bh3+ (38. f4 $16) 38... Kf6 {The position is equal.} 39. Bc8 b5 40. Bh3 Nb7 41. Bd7 Na5 {[#] ...Ke7 is the strong threat.} 42. Kd2 Ke7 {Inhibits Be8.} 43. Bf5 Nc4+ 44. Kc1 $1 Ne3 45. Bg6 Ng2 46. Bxh5 Nxh4 47. Kd2 Nf5 48. Bg6 Nd6 49. Bd3 Ke6 50. Bh7 Kf6 51. Bd3 Nc4+ 52. Bxc4 bxc4 {KP-KP} 53. Ke3 Kf5 54. Ke2 Kf4 55. Kf2 e4 56. fxe4 Kxe4 {( -> ...Kd3)} 57. Ke2 c5 58. Kd2 Kf3 59. Kc2 Ke2 60. Kc1 {Weighted Error Value: White=0.10 (very precise) /Black=0.12 (very precise)} 1/2-1/2

[Event "Tirnavia Reti Memorial-GM 2022"]
[Site "Trnava"]
[Date "2022.08.15"]
[Round "6.1"]
[White "Papp, Levente"]
[Black "Skreko, Igor"]
[Result "1-0"]
[ECO "A00"]
[WhiteElo "2394"]
[BlackElo "2193"]
[Annotator "TA"]
[PlyCount "93"]
[EventDate "2022.08.10"]
[EventType "tourn"]
[EventCountry "SVK"]
[SourceTitle "playchess.com"]
[Source "ChessBase"]
[SourceQuality "1"]
[TimeControl "40/5400+30:1800+30"]

1. Nf3 Nf6 2. g3 g6 3. b3 Bg7 4. Bb2 O-O 5. Bg2 c5 6. c4 Nc6 7. O-O e6 {A30: Symmetrical English: Double Fianchetto and Hedgehog.} 8. d4 cxd4 9. Nxd4 Nxd4 {White is slightly better.} 10. Qxd4 Ne8 11. Qd2 {White is much more active. The black rooks are badly placed.} Bxb2 12. Qxb2 {[#]} d6 $146 ({Predecessor:} 12... Rb8 13. Nc3 a6 14. a4 b6 15. Rfd1 f5 16. Qd2 Rf7 17. Qe3 Qc7 18. Qd4 Bb7 19. Bxb7 Rxb7 {½-½ (46) Jaksland,T (2168)-Le Besq,A (2050) Svendborg 2018}) 13. Rd1 Qc7 14. Nc3 Bd7 15. Rac1 Bc6 16. e4 a6 17. h4 Ng7 {[#]} 18. Nd5 $1 Bxd5 19. cxd5 Qe7 20. e5 exd5 21. exd6 ({Reject} 21. Bxd5 dxe5 22. Qc3 Rad8 $15) 21... Qxd6 22. Rxd5 Qe7 {[#]} 23. Rcd1 $1 Rae8 24. Rd7 Qe2 25. Qxe2 Rxe2 26. a4 b6 27. R7d6 Rb8 (27... Re6 $16 {keeps fighting.} 28. Bf1 a5) 28. Bf1 $18 Re5 29. Bxa6 Ne6 30. Bc4 Nc5 31. Rd8+ Re8 32. Rxe8+ Rxe8 {[%mdl 4096] Endgame KRB-KRN} 33. Rd6 Rb8 34. Rc6 Nd7 35. f4 Rb7 36. Ba6 Ra7 37. Bc8 Nc5 38. Rxb6 Rc7 39. Bg4 Ne4 40. Rb8+ Kg7 41. Rc8 Re7 42. Kg2 h5 (42... Rb7 $142 43. Bd1 Nd6) 43. Bf3 {White is clearly winning.} Nd2 44. Rc3 Nb1 45. Rc2 Re3 46. Rb2 Nc3 47. a5 {Weighted Error Value: White=0.04 (flawless) /Black=0.20 (precise)} 1-0

[Event "Tirnavia Reti Memorial-GM 2022"]
[Site "Trnava"]
[Date "2022.08.15"]
[Round "6.2"]
[White "Finek, Vaclav"]
[Black "Pechac, Jergus"]
[Result "1/2-1/2"]
[ECO "A00"]
[WhiteElo "2393"]
[BlackElo "2594"]
[Annotator "TA"]
[PlyCount "88"]
[EventDate "2022.08.10"]
[EventType "tourn"]
[EventCountry "SVK"]
[SourceTitle "playchess.com"]
[Source "ChessBase"]
[SourceQuality "1"]
[TimeControl "40/5400+30:1800+30"]

1. d4 d5 2. c4 e6 3. Nf3 Nf6 4. g3 Bb4+ 5. Bd2 Be7 6. Bg2 O-O 7. O-O c6 8. Qc2 Nbd7 9. Bf4 b6 10. cxd5 cxd5 11. Rc1 Bb7 12. Bc7 Qe8 13. Qb3 {E08: Closed Catalan: Main Line: 7 Qc2.} Ne4 14. Na3 Rc8 15. Nb5 $1 Ndc5 16. dxc5 bxc5 17. Bf4 c4 18. Qa4 {Hoping for b3.} Bc5 {[#]} 19. e3 $146 ({Predecessor:} 19. Be3 Bc6 20. Nfd4 Bxd4 21. Bxd4 Bxb5 22. Qxa7 Ra8 23. Qc7 Qb8 24. Qxb8 Rfxb8 25. f3 {½-½ (79) Can,E (2599)-Sargsyan,S (2641) Sharjah 2022}) 19... Bc6 20. Nfd4 Bxd4 {[%mdl 64] [#] Remove Defender} 21. exd4 {Threatens to win with Bxe4.} Bxb5 22. Qxa7 Ra8 23. Qb6 Ra6 24. Qb7 Nd6 (24... g5 $5 25. Bxe4 gxf4 $15) 25. Bxd6 Rxd6 26. b3 Ba6 27. Qb4 Qb8 28. Qc3 cxb3 {[#] And now ...b2 would win.} 29. axb3 Rb6 30. Qc2 h6 (30... g6 $5 ) 31. h4 (31. Bf3 $15) 31... Qb7 (31... Rc8 $17 32. Qa2 Bd3 33. Rxc8+ Qxc8) 32. Ra3 $15 Qb8 33. Rca1 Rc8 34. Qd2 Qd6 35. Bf3 Bb7 36. Bd1 e5 37. dxe5 {The position is equal.} Qxe5 38. Ra4 {[%cal Ba3a4,Ba4d4,Bd4d5][%mdl 32] Against d4} Re8 {[%cal Od5d4,Bc8e8,Be8e1,Be1a1][%mdl 32] Strongly threatening ...d4!} 39. Rd4 Qe1+ 40. Qxe1 Rxe1+ 41. Kg2 Rxb3 42. Bxb3 Rxa1 43. Bxd5 Bxd5+ 44. Rxd5 g6 {Weighted Error Value: White=0.07 (flawless) /Black=0.09 (flawless)} 1/2-1/2

[Event "Tirnavia Reti Memorial-GM 2022"]
[Site "Trnava"]
[Date "2022.08.15"]
[Round "6.2"]
[White "Petran, Peter"]
[Black "Konyves, Almos"]
[Result "0-1"]
[ECO "A00"]
[WhiteElo "2234"]
[BlackElo "2229"]
[Annotator "TA"]
[PlyCount "60"]
[EventDate "2022.08.10"]
[EventType "tourn"]
[EventCountry "SVK"]
[SourceTitle "playchess.com"]
[Source "ChessBase"]
[SourceQuality "1"]
[TimeControl "40/5400+30:1800+30"]

1. g3 e5 2. c4 Nf6 3. Bg2 d5 4. cxd5 Nxd5 5. Nc3 Nb6 6. a3 Be7 7. d3 O-O 8. Be3 Nc6 9. Nf3 Be6 10. O-O Nd5 11. Bd2 a5 12. Rc1 h6 {[#] A29: English Opening: Four Knights Variation with 4 g3.} 13. Na4 $146 ({Predecessor:} 13. Ne4 a4 14. Nc5 Bxc5 15. Rxc5 Qd7 16. Be3 Nxe3 17. fxe3 e4 18. dxe4 Qxd1 19. Rxd1 Ra5 20. Rxa5 Nxa5 {0-1 (74) Taj Dini,H (1206)-Alavi,M (1549) Chess.com INT 2021}) 13... Re8 {[#]} (13... Qd7 $11) 14. e4 ({Better is} 14. Rxc6 $1 $14 bxc6 15. Nxe5) 14... Nb6 $15 {Black is slightly better.} 15. Be3 Nxa4 16. Qxa4 Qxd3 {...Bb3 is the strong threat.} 17. Rc3 {Inhibits Bb3.} Qd7 {Black is more active.} 18. Rd1 Qc8 19. Rdc1 Bd6 20. Nh4 Nd4 21. Bxd4 Bd7 22. Qd1 {Hoping for Bb6.} exd4 23. Rd3 ({But not} 23. Qxd4 $2 Be5 24. Qd3 Bxc3 25. Qxc3 c6 $19) 23... c5 24. Nf5 Bxf5 25. exf5 Qxf5 26. a4 Re7 27. Rb3 Rae8 {[%cal Oc5c4] And now ...c4! would win.} 28. Rxb7 $2 (28. Bf1 $17) 28... Re2 $19 {Black is clearly winning.} 29. f4 {[#]} Rxg2+ $1 30. Kxg2 Qd5+ {Weighted Error Value: White=0.83/Black=0.18 (very precise)} 0-1

[Event "Tirnavia Reti Memorial-GM 2022"]
[Site "Trnava"]
[Date "2022.08.15"]
[Round "6.4"]
[White "Sahidi, Samir"]
[Black "Czebe, Attila"]
[Result "1-0"]
[ECO "A00"]
[WhiteElo "2462"]
[BlackElo "2385"]
[Annotator "TA"]
[PlyCount "63"]
[EventDate "2022.08.10"]
[EventType "tourn"]
[EventCountry "SVK"]
[SourceTitle "playchess.com"]
[Source "ChessBase"]
[SourceQuality "1"]
[TimeControl "40/5400+30:1800+30"]

1. e4 c5 2. Nf3 e6 3. d4 cxd4 4. Nxd4 Nf6 5. Nc3 Nc6 6. a3 d6 7. Be3 $1 {[%mdl 4] is recently more successful than 7.Be2.} e5 {[#] B45: Sicilian Four Knights.} 8. Nf5 $146 {[#]} (8. Nb3 $14) ({Predecessor:} 8. Nb3 Ng4 9. Nd5 Nxe3 10. Nxe3 Be6 11. Nd5 Rc8 12. Be2 a6 13. Qd2 f5 14. exf5 Bxf5 15. O-O {0-1 (38) Kase,V (2105)-Barczyszyn,K (2045) Bled 1995}) 8... Nxe4 $1 $15 9. Nxg7+ Bxg7 {Black is slightly better.} 10. Nxe4 d5 11. Ng3 Be6 12. Qd2 h5 ({Black should play} 12... Qc7 $15) 13. Be2 $1 $11 e4 ({Black should try} 13... h4 $11 14. Nh5 Bf6) 14. c3 $1 $14 Na5 15. Nxh5 $2 {[%mdl 8192] [#]} (15. Rd1 $16 {keeps the pressure on.}) 15... Be5 $2 (15... Rxh5 $1 $19 16. Bxh5 Nb3) 16. Rd1 $16 {aiming for Bg5.} Qc7 17. Bg5 (17. Nf4 $16 O-O-O 18. h4 (18. Nxe6 fxe6 19. h4 Kb8 $14)) 17... Nc4 (17... Rxh5 $1 $11 {keeps the balance.} 18. Bxh5 Nc4) 18. Bxc4 Qxc4 (18... Rxh5 $16 19. Bb5+ (19. Bxd5 Bxd5 20. g4 e3 $15) 19... Kf8) 19. Nf4 $18 Bxf4 (19... Kd7 $16 {might work better.}) 20. Qxf4 ({Not} 20. Bxf4 Bg4 $14) 20... Kd7 {Prevents Qd6+.} 21. Rd4 ({Don't play} 21. Qf6 $6 Rag8 22. Rd4 Qc6 $18) 21... Qc7 22. Qxe4 Rae8 {[%cal Oe6h3] ...Bh3! is the strong threat.} 23. Qf4 Bf5+ 24. Kd2 Qxf4+ 25. Bxf4 Kc6 26. f3 Re6 27. Re1 Rg8 28. g4 Rxe1 29. Kxe1 Be6 30. Kf2 f5 31. g5 Bf7 32. h4 {Weighted Error Value: White=0.34/Black=0.42} 1-0

[Event "Tirnavia Reti Memorial-GM 2022"]
[Site "Trnava"]
[Date "2022.08.15"]
[Round "6.4"]
[White "Straka, Jozef"]
[Black "Svana, Peter"]
[Result "0-1"]
[ECO "A00"]
[WhiteElo "2300"]
[BlackElo "2280"]
[Annotator "TA"]
[PlyCount "128"]
[EventDate "2022.08.10"]
[EventType "tourn"]
[EventCountry "SVK"]
[SourceTitle "playchess.com"]
[Source "ChessBase"]
[SourceQuality "1"]
[TimeControl "40/5400+30:1800+30"]

1. d4 Nf6 2. c4 g6 3. Nc3 Bg7 4. e4 O-O 5. Be2 d6 6. Bg5 h6 7. Be3 Na6 8. Qd2 c5 9. d5 Kh7 10. h3 e6 11. Nf3 exd5 12. exd5 Nc7 13. O-O a6 14. a4 Rb8 15. Rab1 {E74: King's Indian: Averbakh Variation: 6...c5.} ({White should play} 15. a5 $14) 15... Bf5 (15... b5 $5) 16. Bd3 Qd7 (16... Bxd3 $1 $11 {remains equal.} 17. Qxd3 b5) 17. Bxf5 {White is better.} Qxf5 {[#]} 18. Bf4 $146 ({Predecessor:} 18. b4 Nd7 19. bxc5 Nxc5 20. a5 Ne8 21. Nd4 Qc8 22. Rfc1 f5 23. f3 Nf6 24. Nce2 {0-1 (49) Abatino,M (2192)-Marholev,D (2375) Cutro 2007}) 18... Rfd8 {[#]} 19. b4 $1 Nfe8 20. Bg3 cxb4 21. Rxb4 a5 22. Rbb1 Na6 23. Nb5 Nc5 24. Qxa5 Ra8 25. Qb6 (25. Qd2 $14) 25... Qd7 $11 {Strongly threatening ...Ra6.} 26. Nbd4 $1 Rxa4 27. Rfc1 Nf6 28. Nb3 {[%cal Of3e5] Black must now prevent Ne5!} Nfe4 29. Nxc5 Nxc5 30. Nd2 (30. Ne5 $5 Bxe5 31. Bxe5 $11) 30... f5 31. Nb3 Ne4 (31... Nd3 $17 {...f4 is the strong threat.} 32. Rf1 (32. Rd1 $2 Nb2 $17) 32... f4) 32. Qe3 (32. Nd4 $11 {keeps the balance.}) 32... Ra3 $17 33. Bh2 {[#]} Re8 $1 {[%cal Oe4c3] Black is more active.} 34. Nc5 Rxe3 $19 35. Nxd7 Re2 36. Re1 (36. Rxb7 {keeps fighting.} Kg8 37. Rcb1) 36... Nd2 37. Rxe2 Rxe2 38. Rc1 {[#]} Nxc4 {[%mdl 512] Threatens to win with ...b5.} 39. Kf1 Re4 {And now ...b5 would win.} 40. f3 Nd2+ 41. Kg1 Re7 42. Nb8 Bd4+ 43. Kh1 Bc5 44. Bf4 Nb3 45. Rc3 (45. Rb1 $142 g5 46. Bh2) 45... g5 46. Bxg5 (46. g4 $142 gxf4 47. Rxb3) 46... hxg5 47. Rxb3 {[%mdl 4096] Endgame KRB-KRN} Re1+ 48. Kh2 f4 $2 ({Better is} 48... Bg1+ $19 49. Kg3 Re7) 49. Rxb7+ $11 Kg6 50. g4 $1 Re2+ (50... fxg3+ $5 51. Kxg3 Rg1+ 52. Kh2 Rd1 $15) 51. Kh1 Rf2 52. Rb3 (52. Nd7 $11 {and White has nothing to worry.}) 52... Be3 $19 53. Nc6 Rxf3 54. Ne7+ Kf6 55. Nf5 Ke5 $2 ({Inferior is} 55... Rxh3+ 56. Kg2 Rh7 57. Nxe3 $11) (55... Rf1+ $19 {has better winning chances.} 56. Kg2 Rf2+ 57. Kh1 Bc5) 56. Kg2 $2 {[%mdl 8192] White does not recover from this.} (56. h4 $17 {is tougher.}) 56... Rf2+ 57. Kh1 Bc5 58. h4 f3 {( -> ...Kf4)} 59. h5 $2 (59. hxg5 $19 Kf4 60. g6 Kxg4 61. Ne3+ (61. g7 {gets mated.} Rf1+ 62. Kh2 Bg1+ 63. Kh1 Be3+ 64. Kh2 Bf4+) 61... Kh3 62. Kg1 Rg2+ 63. Kf1 Rxg6 64. Kf2) 59... Kf4 {Black mates.} 60. h6 Kxg4 61. h7 Rf1+ 62. Kh2 Bg1+ 63. Kh1 Be3+ 64. Kh2 Bf4+ {Weighted Error Value: White=0.55/Black=0.31} 0-1

[Event "Tirnavia Reti Memorial-GM 2022"]
[Site "Trnava"]
[Date "2022.08.15"]
[Round "6.5"]
[White "Jablonicky, Martin"]
[Black "Velicka, Petr"]
[Result "1/2-1/2"]
[ECO "A00"]
[WhiteElo "2343"]
[BlackElo "2384"]
[Annotator "TA"]
[PlyCount "45"]
[EventDate "2022.08.10"]
[EventType "tourn"]
[EventCountry "SVK"]
[SourceTitle "playchess.com"]
[Source "ChessBase"]
[SourceQuality "1"]
[TimeControl "40/5400+30:1800+30"]

1. e4 c6 2. d4 d5 3. exd5 cxd5 4. c4 Nf6 5. Nc3 Nc6 6. Nf3 Bg4 7. cxd5 Nxd5 8. Qb3 Bxf3 9. gxf3 {The position is equal.} e6 {White must now prevent ...Bb4. B13: Caro-Kann: Exchange Variation and Panov-Botvinnik Attack.} 10. Qxb7 Nxd4 11. Bb5+ Nxb5 {Pair of Knights!} 12. Qc6+ {[#] An interesting draw.} {Predecessor:} Ke7 $146 13. Qc5+ Qd6 14. Nxd5+ exd5 15. Qxb5 Qe6+ 16. Be3 Kf6 17. O-O-O Bd6 18. Rxd5 Be5 19. Bg5+ Kf5 20. Rg1 Qc8+ 21. Kb1 f6 22. f4 Rd8 23. Rxe5+ {1-0 (23) Jobava,B (2588)-Donchenko,A (2636) Europe Echecs INT 2022} 1/2-1/2